UNITED STATES PREMIER LEAGUE
DETROIT REAPERS VS PHOENIX HOTSPUR
08/17/2014
 
TOP OF THE 1ST
Phoenix Hotspur batting - Pitching for Detroit Reapers : RHP Armando Hernández
Pitching: RHP Armando Hernández
Batting: RHB Louis Henderson 0-0: Called Strike
0-1: Swinging Strike
0-2: Strikes out looking
Batting: RHB Francisco González 0-0: Called Strike
0-1: Ball
1-1: Ball
2-1: Ball
3-1: Base on Balls
Batting: SHB Arturo Hernández 0-0: Ball
1-0: Ball
2-0: Ball
3-0: Base on Balls
Francisco González to second
Batting: LHB Roger Shaffer 0-0: Ball
1-0: Ball
2-0: Fielders Choice at 2nd, 4-6 (Groundball, 34)
Francisco González to third
Batting: RHB Pedro Cruz 0-0: Ball
1-0: Ball
2-0: Ball
3-0: Called Strike
3-1: Ground out 5-3 (Groundball, 5S)
Top of the 1st over - 0 run(s), 0 hit(s), 0 error(s), 2 left on base; Phoenix 0 - Detroit 0
BOTTOM OF THE 1ST
Detroit Reapers batting - Pitching for Phoenix Hotspur : RHP Bill Grange
Pitching: RHP Bill Grange
Batting: RHB Bubba Papandreou 0-0: Fly out, F9 (Line Drive, 9LD)
Batting: LHB John Hayes 0-0: Called Strike
0-1: Called Strike
0-2: Ball
1-2: Foul Ball, location: 2F
1-2: SINGLE (Groundball, 34D)
Batting: RHB Rob House 0-0: SINGLE (Groundball, 5L)
John Hayes to second
Batting: RHB Eduardo Alvarado 0-0: Foul Ball, location: 2F
0-1: Ground out 2-3 (Groundball, 25)
John Hayes to third
Rob House to second
Batting: LHB Robert Bond 0-0: Ball
1-0: Ball
2-0: Called Strike
2-1: Ground out 5-3 (Groundball, 56)
Bottom of the 1st over - 0 run(s), 2 hit(s), 0 error(s), 2 left on base; Phoenix 0 - Detroit 0
TOP OF THE 2ND
Phoenix Hotspur batting - Pitching for Detroit Reapers : RHP Armando Hernández
Batting: RHB Travis Turner 0-0: Ball
1-0: Ground out 5-3 (Groundball, 56S)
Batting: LHB Juan Canó 0-0: Swinging Strike
0-1: Swinging Strike
0-2: Strikes out swinging
Batting: RHB Marcus Wade 0-0: Ball
1-0: Called Strike
1-1: Ball
2-1: Foul Ball, location: 2F
2-2: Ball
3-2: Strikes out swinging
Top of the 2nd over - 0 run(s), 0 hit(s), 0 error(s), 0 left on base; Phoenix 0 - Detroit 0
BOTTOM OF THE 2ND
Detroit Reapers batting - Pitching for Phoenix Hotspur : RHP Bill Grange
Batting: LHB Armando Herrera 0-0: Fly out, F7 (Flyball, 7S)
Batting: RHB Duncan Thomas 0-0: Foul Ball, location: 2F
0-1: Fly out, F8 (Flyball, 8LD)
Batting: RHB Domingo Reyes 0-0: SINGLE (Line Drive, 9S)
Batting: RHB Armando Hernández 0-0: Ball
1-0: Swinging Strike
1-1: Ball
2-1: Fly out, F7 (Flyball, 78XD)
Bottom of the 2nd over - 0 run(s), 1 hit(s), 0 error(s), 1 left on base; Phoenix 0 - Detroit 0
TOP OF THE 3RD
Phoenix Hotspur batting - Pitching for Detroit Reapers : RHP Armando Hernández
Batting: RHB Bill Grange 0-0: Fly out, F8 (Popup, 8LS)
Batting: RHB Louis Henderson 0-0: Called Strike
0-1: Foul Ball, location: 2F
0-2: Ball
1-2: Ball
2-2: Strikes out swinging
Batting: RHB Francisco González 0-0: Foul Ball, location: 2F
0-1: Swinging Strike
0-2: Ball
1-2: Ball
2-2: Ball
3-2: Base on Balls
Batting: SHB Arturo Hernández 0-0: Called Strike
0-1: Ball
1-1: Ball
2-1: Ball
3-1: Foul Ball, location: 2F
3-2: Base on Balls
Francisco González to second
Batting: LHB Roger Shaffer 0-0: Ball
1-0: Foul Ball, location: 2F
1-1: Foul Ball, location: 2F
1-2: Foul Ball, location: 2F
1-2: SINGLE (Line Drive, 4MD)
Francisco González to third
Arturo Hernández to second
Runner from 3rd tries for Home, SAFE, no throw or cutoff
Batting: RHB Pedro Cruz 0-0: Swinging Strike
0-1: Ball
1-1: Called Strike
1-2: Foul Ball, location: 2F
1-2: Strikes out swinging
Top of the 3rd over - 1 run(s), 1 hit(s), 0 error(s), 2 left on base; Phoenix 1 - Detroit 0
BOTTOM OF THE 3RD
Detroit Reapers batting - Pitching for Phoenix Hotspur : RHP Bill Grange
Batting: RHB Bubba Papandreou 0-0: Called Strike
0-1: Swinging Strike
0-2: Strikes out swinging
Batting: LHB John Hayes 0-0: Ground out 4-3 (Groundball, 4M)
Batting: RHB Rob House 0-0: Ball
1-0: Foul Ball, location: 2F
1-1: Fly out, F9 (Flyball, 89M)
Bottom of the 3rd over - 0 run(s), 0 hit(s), 0 error(s), 0 left on base; Phoenix 1 - Detroit 0
TOP OF THE 4TH
Phoenix Hotspur batting - Pitching for Detroit Reapers : RHP Armando Hernández
Batting: RHB Travis Turner 0-0: Reached on Error, E7 (Flyball, 78M)
Batting: LHB Juan Canó 0-0: Called Strike
0-1: Ball
1-1: Ball
2-1: Fly out, F7 (Flyball, 7M)
Batting: RHB Marcus Wade 0-0: Ball
1-0: Ball
2-0: Ball
3-0: Called Strike
3-1: Foul Ball, location: 2F
3-2: Base on Balls
Travis Turner to second
Batting: RHB Bill Grange 0-0: Bunt missed!
0-1: Bunted foul
0-2: Sac Bunt - play at first, batter OUT! 5-4
Travis Turner to third
Marcus Wade to second
Batting: RHB Louis Henderson 0-0: Ball
1-0: Ball
2-0: Swinging Strike
2-1: Foul Ball, location: 2F
2-2: Foul Ball, location: 2F
2-2: Ball
3-2: Base on Balls
Batting: RHB Francisco González 0-0: Called Strike
0-1: Foul Ball, location: 2F
0-2: Strikes out swinging
Top of the 4th over - 0 run(s), 0 hit(s), 1 error(s), 3 left on base; Phoenix 1 - Detroit 0
BOTTOM OF THE 4TH
Detroit Reapers batting - Pitching for Phoenix Hotspur : RHP Bill Grange
Batting: RHB Eduardo Alvarado 0-0: Called Strike
0-1: Foul Ball, location: 2F
0-2: Foul Ball, location: 2F
0-2: Ball
1-2: Ground out 4-3 (Groundball, 4)
Batting: LHB Robert Bond 0-0: Foul Ball, location: 2F
0-1: Ball
1-1: Ground out 6-3 (Groundball, 6)
Batting: LHB Armando Herrera 0-0: Fly out, F6 (Popup, 4M)
Bottom of the 4th over - 0 run(s), 0 hit(s), 0 error(s), 0 left on base; Phoenix 1 - Detroit 0
TOP OF THE 5TH
Phoenix Hotspur batting - Pitching for Detroit Reapers : RHP Armando Hernández
Batting: SHB Arturo Hernández 0-0: Called Strike
0-1: Fly out, F6 (Popup, 6)
Batting: LHB Roger Shaffer 0-0: Called Strike
0-1: Ground out U3 (Groundball, 3S)
Batting: RHB Pedro Cruz 0-0: Ground out U3 (Groundball, 3)
Top of the 5th over - 0 run(s), 0 hit(s), 0 error(s), 0 left on base; Phoenix 1 - Detroit 0
BOTTOM OF THE 5TH
Detroit Reapers batting - Pitching for Phoenix Hotspur : RHP Bill Grange
Batting: RHB Duncan Thomas 0-0: Ball
1-0: Ball
2-0: Called Strike
2-1: Swinging Strike
2-2: Fly out, F8 (Flyball, 8LXD)
Batting: RHB Domingo Reyes 0-0: Ground out 1-3 (Groundball, 15S)
Batting: RHB Armando Hernández 0-0: Fly out, F7 (Flyball, 7LM)
Bottom of the 5th over - 0 run(s), 0 hit(s), 0 error(s), 0 left on base; Phoenix 1 - Detroit 0
TOP OF THE 6TH
Phoenix Hotspur batting - Pitching for Detroit Reapers : RHP Armando Hernández
Batting: RHB Travis Turner 0-0: Called Strike
0-1: Called Strike
0-2: Strikes out looking
Batting: LHB Juan Canó 0-0: Fly out, F5 (Popup, 25F)
Batting: RHB Marcus Wade 0-0: Called Strike
0-1: Swinging Strike
0-2: Ball
1-2: SINGLE (Groundball, 34D) (infield hit)
Batting: RHB Bill Grange 0-0: Ball
1-0: Ball
2-0: Ball
3-0: Base on Balls
Marcus Wade to second
Batting: RHB Louis Henderson 0-0: Foul Ball, location: 2F
0-1: Ball
1-1: Ball
2-1: Ground out 6-3 (Groundball, 6)
Top of the 6th over - 0 run(s), 1 hit(s), 0 error(s), 2 left on base; Phoenix 1 - Detroit 0
BOTTOM OF THE 6TH
Detroit Reapers batting - Pitching for Phoenix Hotspur : RHP Bill Grange
Batting: RHB Bubba Papandreou 0-0: Foul Ball, location: 2F
0-1: Ball
1-1: Swinging Strike
1-2: Ball
2-2: Foul Ball, location: 2F
2-2: Strikes out swinging
Batting: LHB John Hayes 0-0: Fly out, F5 (Line Drive, 5S)
Batting: RHB Rob House 0-0: Called Strike
0-1: Foul Ball, location: 2F
0-2: Strikes out swinging
Bottom of the 6th over - 0 run(s), 0 hit(s), 0 error(s), 0 left on base; Phoenix 1 - Detroit 0
TOP OF THE 7TH
Phoenix Hotspur batting - Pitching for Detroit Reapers : RHP Armando Hernández
Batting: RHB Francisco González 0-0: Fly out, F9 (Flyball, 89D)
Batting: SHB Arturo Hernández 0-0: Ball
1-0: Foul Ball, location: 2F
1-1: Foul Ball, location: 2F
1-2: Ball
2-2: Ball
3-2: Strikes out swinging
Batting: LHB Roger Shaffer 0-0: Ball
1-0: Foul Ball, location: 2F
1-1: Ball
2-1: Fly out, F4 (Line Drive, 4)
Top of the 7th over - 0 run(s), 0 hit(s), 0 error(s), 0 left on base; Phoenix 1 - Detroit 0
BOTTOM OF THE 7TH
Detroit Reapers batting - Pitching for Phoenix Hotspur : RHP Bill Grange
Batting: RHB Eduardo Alvarado 0-0: Ground out 6-3 (Groundball, 6M)
Batting: LHB Robert Bond 0-0: Called Strike
0-1: Ball
1-1: Ball
2-1: Foul Ball, location: 2F
2-2: Ball
3-2: Base on Balls
Batting: LHB Armando Herrera 0-0: Swinging Strike
0-1: Called Strike
0-2: Ball
1-2: Ball
2-2: Ball
3-2: Strikes out swinging
Batting: RHB Duncan Thomas 0-0: Called Strike
0-1: Ball
1-1: Ball
2-1: Called Strike
2-2: Ball
3-2: Foul Ball, location: 2F
3-2: Strikes out swinging
Bottom of the 7th over - 0 run(s), 0 hit(s), 0 error(s), 1 left on base; Phoenix 1 - Detroit 0
TOP OF THE 8TH
Phoenix Hotspur batting - Pitching for Detroit Reapers : RHP Armando Hernández
Pitching: RHP Bruce Nichols
Now in RF: Nick Simmons
Batting: RHB Pedro Cruz 0-0: Fly out, F9 (Flyball, 89XD)
Batting: RHB Travis Turner 0-0: Fly out, F9 (Flyball, 9S)
Batting: LHB Juan Canó 0-0: Ball
1-0: Ground out 4-3 (Groundball, 34)
Top of the 8th over - 0 run(s), 0 hit(s), 0 error(s), 0 left on base; Phoenix 1 - Detroit 0
BOTTOM OF THE 8TH
Detroit Reapers batting - Pitching for Phoenix Hotspur : RHP Bill Grange
Now at 3B: Ramón Cruz
Batting: RHB Domingo Reyes 0-0: Ground out 5-3 (Groundball, 5L)
Batting: RHB Nick Simmons 0-0: Called Strike
0-1: Foul Ball, location: 2F
0-2: Ball
1-2: Ground out 5-3 (Groundball, 56S)
Batting: RHB Bubba Papandreou 0-0: Ball
1-0: Ground out 6-3 (Groundball, 6)
Bottom of the 8th over - 0 run(s), 0 hit(s), 0 error(s), 0 left on base; Phoenix 1 - Detroit 0
TOP OF THE 9TH
Phoenix Hotspur batting - Pitching for Detroit Reapers : RHP Bruce Nichols
Batting: RHB Marcus Wade 0-0: Called Strike
0-1: Ball
1-1: Ball
2-1: Foul Ball, location: 2F
2-2: Foul Ball, location: 2F
2-2: Foul Ball, location: 2F
2-2: Ball
3-2: Strikes out looking
Pinch Hitting: RHB Wilson Ramírez 0-0: Ground out 1-3 (Groundball, 13S)
Batting: RHB Louis Henderson 0-0: Ground out U3 (Groundball, 3S)
Top of the 9th over - 0 run(s), 0 hit(s), 0 error(s), 0 left on base; Phoenix 1 - Detroit 0
BOTTOM OF THE 9TH
Detroit Reapers batting - Pitching for Phoenix Hotspur : RHP Bill Grange
Pitching: RHP Devin Hinton
Batting: LHB John Hayes 0-0: Ball
1-0: Foul Ball, location: 2F
1-1: Called Strike
1-2: Ground out 4-3 (Groundball, 4)
Batting: RHB Rob House 0-0: Called Strike
0-1: Swinging Strike
0-2: Ball
1-2: Strikes out swinging
Batting: RHB Eduardo Alvarado 0-0: Called Strike
0-1: Swinging Strike
0-2: Strikes out swinging
Bottom of the 9th over - 0 run(s), 0 hit(s), 0 error(s), 0 left on base; Phoenix 1 - Detroit 0
This league is powered by Out of the Park Baseball, the baseball management simulation game for PC, Mac and Linux
Thursday, April 24th, 2014 - OOTP Baseball 14.6 Build 33